 Dungeon Crawl Stone Soup version 0.24-a0-537-g2d01d4ab0a (webtiles) character file.

Game seed: 14854774672889310855

2332 Arang the Grappler (level 9, 0/126 HPs)
             Began as a Troll Berserker on Aug 11, 2019.
             Was an Elder of Trog.
             Slain by a killer bee (3 damage)
             ... on level 8 of the Dungeon.
             The game lasted 00:08:43 (5229 turns).

Arang the Grappler (Troll Berserker)                Turns: 5229, Time: 00:08:45

Health: 0/126      AC:  9    Str: 33    XL:     9   Next: 19%
Magic:  17/17      EV: 10    Int:  5    God:    Trog [****..]
Gold:   459        SH:  0    Dex:  9    Spells: 8/8 levels left

rFire    . . .     SeeInvis .     - Unarmed
rCold    + . .     Gourm    +   (no shield)
rNeg     . . .     Faith    .   p - +2 robe {MR+}
rPois    .         Spirit   .   (helmet restricted)
rElec    .         Reflect  .   t - +0 cloak
rCorr    .         Harm     .   (gloves unavailable)
MR       +++..                  (boots unavailable)
Stlth    ..........             (no amulet)
HPRegen  1.71/turn              g - ring of magical power
MPRegen  0.15/turn              k - ring of protection from cold

@: berserking, lethally poisoned (0 -> 0), regenerating, very quick
A: large, unfitting armour, claws 3, fast metabolism 3, gourmand, regeneration
1, shaggy fur 1, tough skin 3
a: Berserk, Trog's Hand, Brothers in Arms, Renounce Religion


You were on level 8 of the Dungeon.
You worshipped Trog.
Trog was greatly pleased with you.
You were very full.

You visited 1 branch of the dungeon, and saw 8 of its levels.

You collected 459 gold pieces.

Inventory:

Hand Weapons
 s - a +3 spear
 D - a +0 trident
 J - a +1 battleaxe of draining
Missiles
 h - 45 poisoned darts (quivered)
 A - 4 boomerangs
 F - 7 boomerangs of dispersal
Armour
 a - a +0 animal skin
 p - a +2 robe of magic resistance (worn)
 t - a +0 cloak (worn)
Jewellery
 f - an uncursed ring of protection from fire {unknown}
 g - a ring of magical power (left claw)
 k - a ring of protection from cold (right claw)
Wands
 n - a wand of iceblast (7)
 C - a wand of digging (6)
 E - a wand of flame (17)
 I - a wand of acid (7)
Scrolls
 i - 2 scrolls of blinking {unknown}
 j - 3 scrolls of enchant armour {unknown}
 l - 4 scrolls of remove curse {unknown}
 u - 5 scrolls of identify
 x - 4 scrolls of fog {unknown}
 y - a scroll of teleportation {unknown}
 z - 2 scrolls of magic mapping {unknown}
 G - 2 scrolls of amnesia {unknown}
 H - a scroll of acquirement {unknown}
Potions
 c - a potion of berserk rage
 d - 4 potions of might
 e - 2 potions of lignification
 m - 6 potions of curing
 o - 3 potions of heal wounds
 q - a potion of brilliance
 r - a potion of magic
 v - a potion of agility {unknown}
 w - a potion of haste {unknown}
 B - a potion of mutation {unknown}
 L - a potion of ambrosia {unknown}
 M - a potion of cancellation {unknown}
Comestibles
 b - 14 rations
 K - 7 chunks of flesh


   Skills:
 + Level 3.8 Fighting
 + Level 1.2 Throwing
 * Level 4.8 Armour
 - Level 2.4 Dodging
 + Level 10.4 Unarmed Combat


You had 8 spell levels left.
You didn't know any spells.
Your spell library was empty.

Dungeon Overview and Level Annotations

Branches:
Dungeon (8/15)             Temple (0/1) D:5
   Lair: D:8-11

Altars:
Hepliaklqana
Xom


Innate Abilities, Weirdness & Mutations

You are too large for most types of armour.
You have claws for hands.
Your metabolism is lightning-fast.
You like to eat raw meat.
Your natural rate of healing is unusually fast.
You are covered in fur. (AC +1)
You have extremely tough skin. (AC +3)


Message History

You claw the wolf!
The wolf is heavily wounded.
The killer bee barely misses you. The wolf bites you but does no damage.
The bullfrog closely misses you.
You barely miss the wolf.
The wolf is heavily wounded.
The killer bee barely misses you.
The bullfrog skeleton closely misses you.
The wolf bites you.
* * * LOW HITPOINT WARNING * * *
Unknown command.
You are too berserk!
Unknown command.
You miss the wolf.
The wolf is heavily wounded.
You feel sick.
The wolf stops to sniff the ground.
The bullfrog hits you but does no damage.
The killer bee stings you.
You die...

##...# #..# .... .....##
##..#....... ......##
##...#.......
.......#####....#.......
...............##.....#
...............##.....##
##.....................#
##.............$†Z.....#
#<.........^...F@yh....#
#..............##h.....#
#..............##h.....#
#...............+.....>...
#...............#.T.......
#...............#.........
..........##..!...#..
.......... ≈(.≈...≈..


You could see a troll, 2 wolves, a bullfrog, a howler monkey, a killer bee and a
bullfrog skeleton.

Vanquished Creatures
  A hippogriff (D:8)
  A sky beast (D:6)
  An ogre (D:4)
  2 centaurs
  2 bullfrogs
  3 scorpions
  7 killer bees
  4 wights (D:6)
  2 howler monkeys
  A centaur zombie (D:6)
  A centaur skeleton (D:4)
  7 hounds
  An orc priest (D:8)
  A bullfrog skeleton (D:6)
  3 iguanas
  Jessica (D:2)
  2 orc wizards
  9 worker ants
  A hound zombie (D:5)
  3 hound skeletons
  10 adders
  3 worker ant zombies
  A shadow imp (D:6)
  3 oozes
  An adder skeleton (D:5)
  2 worms (D:2)
  2 dart slugs
  5 leopard geckos
  14 orcs
  2 ball pythons
  4 giant cockroaches
  4 hobgoblins
  6 jackals
  12 kobolds
  4 quokkas
  7 bats
  3 frilled lizards
  7 goblins
  A leopard gecko skeleton (D:4)
  5 rats
149 creatures vanquished.

Notes
Turn   | Place    | Note
-------+----------+-------------------------------------------
     0 | D:1      | Arang the Troll Berserker began the quest for the Orb.
     0 | D:1      | Reached XP level 1. HP: 22/22 MP: 0/0
   259 | D:1      | Reached XP level 2. HP: 29/29 MP: 1/1
   778 | D:2      | Noticed Jessica
   788 | D:2      | Killed Jessica
   788 | D:2      | Reached skill level 1 in Armour
   788 | D:2      | Reached XP level 3. HP: 36/36 MP: 2/2
   954 | D:2      | Reached XP level 4. HP: 38/44 MP: 3/3
   960 | D:2      | Reached ** piety under Trog
  1070 | D:2      | Reached skill level 4 in Unarmed Combat
  1701 | D:3      | Reached XP level 5. HP: 46/53 MP: 4/4
  1902 | D:4      | Reached *** piety under Trog
  1902 | D:4      | Reached skill level 5 in Unarmed Combat
  2108 | D:4      | Reached XP level 6. HP: 60/61 MP: 5/5
  2315 | D:4      | Reached skill level 6 in Unarmed Combat
  2411 | D:4      | Reached XP level 7. HP: 62/67 MP: 6/6
  3084 | D:5      | Entered Level 5 of the Dungeon
  3168 | D:5      | Reached skill level 7 in Unarmed Combat
  3175 | D:5      | Reached **** piety under Trog
  3268 | D:5      | Found a staircase to the Ecumenical Temple.
  3444 | D:5      | Found a shimmering altar of Xom.
  3445 | D:5      | Found a hazy altar of Hepliaklqana.
  3445 | D:5      | Noticed a hungry ghost
  3446 | D:5      | Noticed a hungry ghost
  3446 | D:5      | Noticed a spectral ugly thing
  3658 | D:6      | Reached skill level 1 in Throwing
  3932 | D:6      | Reached skill level 8 in Unarmed Combat
  3932 | D:6      | Reached XP level 8. HP: 75/75 MP: 7/7
  4124 | D:6      | Reached skill level 9 in Unarmed Combat
  5179 | D:8      | Reached skill level 10 in Unarmed Combat
  5179 | D:8      | Reached XP level 9. HP: 83/84 MP: 8/8
  5221 | D:8      | Noticed a troll
  5226 | D:8      | HP: 4/126 [bullfrog (3)]
  5229 | D:8      | Slain by a killer bee

Levels and vault maps discovered:
D:1:      saegor_arrival_under_anarchy, layout_basic, minmay_hedge_maze
D:2:      layout_basic, uniq_jessica
D:3:      layout_loops_ring, first_ration
D:4:      minmay_thinvault, layout_gridville
D:5:      layout_basic, regret_index_temple_of_mockery,
          minmay_temple_entry_arrows
D:6:      layout_cave_pods
D:7:      layout_loops_ring
D:8:      layout_gridville, lemuel_round_altar, erik_lair_island,
          nicolae_ossuary_entry_plus

Skill      XL: |  1  2  3  4  5  6  7  8 |
---------------+-------------------------+-----
Armour         | 1 2 3 4 |  4.8
Fighting       | 3 |  3.8
Unarmed Combat | 4 5 6 8 10 | 10.4
Throwing       | 1 |  1.2
Dodging        | |  2.4

Action                   |  1- 3 |  4- 6 |  7- 9 || total
-------------------------+-------+-------+-------++-------
Melee: Unarmed           |    66 |   170 |   204 ||   440
       Punch             |       |     2 |     3 ||     5
Throw: Dart              |     2 |     6 |       ||     8
Invok: Berserk           |       |       |     3 ||     3
       Trog's Hand       |       |       |     2 ||     2
  Use: Scroll            |       |       |     8 ||     8
 Stab: Sleeping          |     1 |       |     1 ||     2
  Eat: Chunk             |     3 |    21 |    28 ||    52
       Ration            |     1 |       |       ||     1
Armor: Animal skin       |    22 |       |       ||    22
       Robe              |    13 |    67 |    95 ||   175
Dodge: Dodged            |    38 |    71 |   122 ||   231

Table legend:
 A = Non-vault XP
 B = Vault XP
 C = Vault XP percentage of total XP
 D = Non-vault monster count
 E = Vault monster count
 F = Vault count percentage of total count
                 A         B        C        D         E       F
            +---------+---------+-------+---------+---------+-------
      Total |    3014 |     318 |   9.5 |     135 |      14 |   9.4
            +---------+---------+-------+---------+---------+-------
        D:1 |      21 |       0 |   0.0 |      12 |       0 |   0.0
        D:2 |     100 |      37 |  27.0 |      30 |       1 |   3.2
        D:3 |      50 |       0 |   0.0 |      20 |       0 |   0.0
        D:4 |     461 |     281 |  37.9 |      15 |      13 |  46.4
        D:5 |     177 |       0 |   0.0 |      13 |       0 |   0.0
        D:6 |    1041 |       0 |   0.0 |      19 |       0 |   0.0
        D:7 |     501 |       0 |   0.0 |      14 |       0 |   0.0
        D:8 |     663 |       0 |   0.0 |      12 |       0 |   0.0
            +---------+---------+-------+---------+---------+-------
